 Dungeon Crawl Stone Soup version 0.29.1-15-g9cfb28693d (webtiles) character file.

Game seed: 10311243337675550434

114 BuddhaDhamma the Chopper (level 4, 0/39 HPs)
             Began as a Minotaur Berserker on Mar 16, 2023.
             Was a Believer of Trog.
             Slain by Sigmund
             ... wielding a +1 scythe of venom
              (2 damage)
             ... on level 3 of the Dungeon.
             The game lasted 00:03:06 (1620 turns).

BuddhaDhamma the Chopper (Minotaur Berserker)       Turns: 1620, Time: 00:03:07

Health: 0/39       AC:  9    Str: 29    XL:     4   Next: 67%
Magic:  3/3        EV:  7    Int:  4    God:    Trog [**....]
Gold:   119        SH:  0    Dex: 10    Spells: 3/3 levels left

rFire   . . .      SeeInvis .   i - +0 war axe
rCold   . . .      Faith    .   a - +0 kite shield
rNeg    . . .      Spirit   .   f - +0 chain mail
rPois   .          Reflect  .   (helmet restricted)
rElec   .          Harm     .   k - +0 cloak
rCorr   .          Rampage  .   (no gloves)
Will    .....                   (no boots)
Stlth   ..........              e - amulet of regeneration
HPRegen 0.93/turn               j - +6 ring of strength
MPRegen 0.08/turn               (no ring)

@: confused, lethally poisoned (0 -> -5), on berserk cooldown, slowed, very slow
A: horns 2, retaliatory headbutt
a: Renounce Religion, Berserk, Trog's Hand


You were on level 3 of the Dungeon.
You worshipped Trog.
Trog was pleased with you.
You visited 1 branch of the dungeon, and saw 3 of its levels.

You collected 119 gold pieces.

Inventory:

Hand Weapons
 i - a +0 war axe (weapon)
Armour
 a - a +0 kite shield (worn)
 f - a +0 chain mail (worn)
 k - a +0 cloak (worn)
Jewellery
 e - an amulet of regeneration (around neck)
 j - a +6 ring of strength (left hand)
 q - a ring of protection from cold
Scrolls
 c - 4 scrolls of identify {unknown}
 h - 2 scrolls of teleportation {unknown}
 n - a scroll of fog {unknown}
 o - a scroll of enchant armour {unknown}
 p - a scroll of blinking {unknown}
Potions
 b - a potion of ambrosia {unknown}
 d - a potion of might {unknown}
 g - a potion of curing {unknown}
 l - a potion of haste {unknown}
 m - a potion of berserk rage {unknown}


   Skills:
 - Level 3.6 Fighting
 + Level 6.6 Axes
 - Level 2.4 Armour
 - Level 2.1 Dodging


You had 3 spell levels left.
You didn't know any spells.
Your spell library was empty.

Dungeon Overview and Level Annotations

Branches:
Dungeon (3/15)

Altars:

Annotations:
D:3 Sigmund


Innate Abilities, Weirdness & Mutations

You have a pair of horns on your head.
You reflexively headbutt those who attack you in melee.


Message History

You slash Sigmund! Your headbutt misses Sigmund.
Sigmund is heavily wounded.
You feel very sick. Sigmund casts a spell at you. You resist with some effort.
You barely miss Sigmund.
Sigmund is heavily wounded.
You feel sick.
You closely miss Sigmund. Your headbutt misses Sigmund.
Sigmund is heavily wounded.
You feel sick.
Sigmund points at you and mumbles some strange words.
The magic dart hits you!
You barely miss Sigmund. Your headbutt misses Sigmund.
Sigmund is heavily wounded.
You feel sick.
Sigmund points at you and mumbles some strange words.
You are confused.
You feel sick. Sigmund closely misses you.
You feel a strong urge to attack something.
You're too confused to move!
You are no longer berserk.
You are exhausted.
You feel yourself slow down.
You feel sick.
Sigmund giggles. "Time to reap what you sow."
Sigmund hits you with a +1 scythe of venom.
You are more poisoned.
You feel very sick.
Sigmund hits you from afar with a +1 scythe of venom.
You are lethally poisoned!
You bump into the rock wall.
* * * LOW HITPOINT WARNING * * *
You feel extremely sick.
Sigmund points at you and mumbles some strange words.
The magic dart hits you.
* * * LOW HITPOINT WARNING * * *
* * * LOW HITPOINT WARNING * * *
You feel very sick.
Sigmund hits you with a +1 scythe of venom.
You die...

........)...#.#..[. . #
##......#.........#. #
###.#.....##.##... .## #
#...###.#...#.### ..# #
#.#.#?..$.!....$#.#.# #
.....###.#...#.###...# #
##........##.##......###
#
#####.#......@..#......
# #.....#.#.@.....#
##..#.#(#.#.##..#
......###...##..###
.$.........###....# . ##
#.#...# #.##.# ......##
#.##.# ####.# ##.##.#
#.###.#.#.# #....###..#


You could see Sigmund.

Vanquished Creatures
  Terence (D:2)
  A gnoll (D:1)
  2 adders
  2 dart slugs
  2 endoplasms (D:1)
  A giant cockroach (D:3)
  8 goblins
  4 hobgoblins
  2 jackals
  5 kobolds
  2 quokkas
  5 ball pythons
  8 bats
  12 frilled lizards
  5 rats (D:1)
60 creatures vanquished.

Vanquished Creatures (others)
  5 plants
5 creatures vanquished.

Grand Total: 65 creatures vanquished

Notes
Turn   | Place    | Note
-------+----------+-------------------------------------------
     0 | D:1      | BuddhaDhamma the Minotaur Berserker began the quest for the
                  | Orb.
     0 | D:1      | Reached XP level 1. HP: 19/19 MP: 0/0
    86 | D:1      | Reached skill level 4 in Axes
   193 | D:1      | Found a faded altar of an unknown god.
   250 | D:1      | Reached XP level 2. HP: 26/26 MP: 1/1
   416 | D:1      | Reached skill level 5 in Axes
   436 | D:1      | Reached XP level 3. HP: 31/31 MP: 2/2
   525 | D:1      | Reached ** piety under Trog
   972 | D:2      | Noticed Terence
   981 | D:2      | Killed Terence
   982 | D:2      | Reached skill level 6 in Axes
   982 | D:2      | Reached XP level 4. HP: 33/39 MP: 3/3
  1603 | D:3      | Noticed Sigmund
  1620 | D:3      | Slain by Sigmund

Illustrated notes

Levels and vault maps discovered:
D:1:      minmay_arrival_arboretum_large, layout_basic,
          hellmonk_ecumenical_altar_blasted, minmay_lizard_king
D:2:      cheibrodos_old_hovel, layout_loops_ring, uniq_terence
D:3:      layout_loops_ring, minmay_fractal_squares_5, uniq_crazy_yiuf_cottage,
          uniq_sigmund

Skill      XL: |  1  2  3 |
---------------+----------+-----
Axes           | 4 5 6 |  6.6
Fighting       | |  3.6
Armour         | |  2.4
Dodging        | |  2.1

Action                   |  1- 3 |  4- 6 || total
-------------------------+-------+-------++-------
Melee: Hand axe          |    65 |       ||    65
       Headbutt          |     9 |     2 ||    11
       Punch             |     1 |       ||     1
       War axe           |    20 |    28 ||    48
Invok: Berserk           |       |     1 ||     1
Armor: Animal skin       |     8 |       ||     8
       Chain mail        |    28 |     9 ||    37
Dodge: Dodged            |    34 |     5 ||    39
Block: Kite shield       |     2 |     7 ||     9
